 Dungeon Crawl Stone Soup version 0.26.1-11-gd32895ea62 (webtiles) character file.

Game seed: 11095398590443384965

63 Tiocfaidh the Ruffian (level 3, 0/29 HPs)
             Began as a Palentonga Transmuter on June 19, 2021.
             Succumbed to Sigmund's poison
             ... on level 2 of the Dungeon on June 26, 2021.
             The game lasted 00:11:17 (831 turns).

Tiocfaidh the Ruffian (Palentonga Transmuter)        Turns: 831, Time: 00:11:17

Health: 0/29       AC:  9    Str: 13    XL:     3   Next: 89%
Magic:  6/6        EV: 10    Int: 13    God:
Gold:   106        SH:  0    Dex: 11    Spells: 6/7 levels left

rFire    . . .     SeeInvis +     - Unarmed
rCold    . . .     Faith    .   (no shield)
rNeg     . . .     Spirit   .   a - +0 robe
rPois    .         Reflect  .   (no helmet)
rElec    .         Harm     .   l - +0 cloak
rCorr    .         Rampage  .   (no gloves)
Will     .....                  (no barding)
Stlth    +.........             (no amulet)
HPRegen  0.09/turn              m - +4 ring of protection
MPRegen  0.10/turn              (no ring)

@: confused, lethally poisoned (0 -> -14)
A: large, rugged brown scales 3, see invisible, deformed body, roll 1, armoured
tail
a: Rolling Charge


You were on level 2 of the Dungeon.
You visited 1 branch of the dungeon, and saw 2 of its levels.

You collected 106 gold pieces.

Inventory:

Missiles
 h - 5 boomerangs (quivered)
 i - 16 poisoned darts
Armour
 a - a +0 robe (worn)
 l - a +0 cloak (worn)
Jewellery
 m - a +4 ring of protection (left hand)
Scrolls
 b - 3 scrolls of enchant weapon {unknown}
 c - 2 scrolls of identify {unknown}
 e - 2 scrolls of fog {unknown}
 k - a scroll of amnesia {unknown}
 n - a scroll of magic mapping {unknown}
 o - a scroll of teleportation {unknown}
Potions
 d - a potion of curing {unknown}
 f - 3 potions of heal wounds {unknown}
 g - a potion of degeneration {unknown}
 j - a potion of resistance {unknown}


   Skills:
 + Level 1.0 Fighting
 + Level 0.3 Throwing
 + Level 2.0 Dodging
 + Level 0.1 Stealth
 + Level 3.9 Unarmed Combat
 + Level 2.5 Spellcasting
 + Level 2.2 Transmutations


You had 6 spell levels left.
You knew the following spells:

 Your Spells              Type           Power        Failure   Level
a - Beastly Appendage     Tmut           14%          10%         1

Your spell library contained the following spells:

 Spells                   Type           Power        Failure   Level
 Wereblood                Tmut           7%           14%         2
 Spider Form              Tmut/Pois      2%           41%         3
 Ice Form                 Ice/Tmut       4%           83%         4
 Blade Hands              Tmut           3%           95%         5


Dungeon Overview and Level Annotations

Branches:
Dungeon (2/15)

Altars:
Elyvilon

Annotations:
D:2 1 runed translucent door, Crazy Yiuf, Sigmund


Innate Abilities, Weirdness & Mutations

You are completely covered in rugged brown scales. (AC +3, +7% HP)
You have supernaturally acute eyesight. (SInv)
Armour fits poorly on your strangely shaped body.
You can roll at nearby foes to attack.
You have a long armoured tail.


Message History

Sigmund hits you from afar with a +2 scythe of venom!
Ouch! That really hurt!
You bump into the rock wall.
Sigmund hits you from afar with a +2 scythe of venom.
You are poisoned.
You bump into the rock wall.
You feel sick.
A hobgoblin comes into view. It is wielding a +0 club.
You bump into the rock wall.
You feel sick.
The hobgoblin shouts!
Sigmund hits you from afar with a +2 scythe of venom.
You are lethally poisoned!
You feel sick.
Sigmund points at you and mumbles some strange words.
The puff of flame hits you but does no damage.
* * * LOW HITPOINT WARNING * * *
You feel sick.
Sigmund points at you and mumbles some strange words.
The puff of flame hits you!
* * * LOW HITPOINT WARNING * * *
You die...

.......#.. ......... ._.
.......# ... .......## # #.#
### ........###. #g# #.# #)g
........... ##.## #..# #..
##.#.####.# #...# ##... ..
.#.#.# ##.# #.P@######..# #+
...#.###..# #..@#......# .
##...<.#.######.##......## ♣
#..[......)..#.#...†....## ♣
##.........#.#...........# ♣
###...........##..........# ♣♣
†.†..........###...†......##
♣♣.
###...........##...........#
♣.. #.........#........>.....#
#..
#.........#..##........######..


You could see Sigmund and a hobgoblin.

Vanquished Creatures
  An adder (D:2)
  2 oozes (D:2)
  2 dart slugs
  2 leopard geckos
  An orc (D:2)
  8 bats
  4 giant cockroaches
  7 goblins
  A hobgoblin (D:2)
  A ball python (D:1)
  2 frilled lizards (D:2)
  2 kobolds (D:2)
  8 rats
41 creatures vanquished.

Notes
Turn   | Place    | Note
-------+----------+-------------------------------------------
     0 | D:1      | Tiocfaidh the Palentonga Transmuter began the quest for the
                  | Orb.
     0 | D:1      | Reached XP level 1. HP: 17/17 MP: 3/3
   169 | D:1      | Reached XP level 2. HP: 23/24 MP: 3/5
   538 | D:2      | Reached XP level 3. HP: 29/29 MP: 6/6
   784 | D:2      | Found a runed translucent door.
   785 | D:2      | Noticed Crazy Yiuf
   818 | D:2      | Noticed Sigmund
   819 | D:2      | Found a white marble altar of Elyvilon.
   830 | D:2      | HP: 1/29 [Sigmund/puff of flame (7)]
   831 | D:2      | Succumbed to Sigmund's poison

Illustrated notes

Levels and vault maps discovered:
D:1:      wander_arrival_lonely_grave, layout_basic, columned_hall_lemuel
D:2:      layout_rooms, elyvilon_altar_1, uniq_crazy_yiuf_cottage, uniq_sigmund

Skill      XL: |  1  2  3 |
---------------+----------+-----
Dodging        | 2 |  2.0
Fighting       | |  1.0
Throwing       | |  0.3
Stealth        | |  0.1
Unarmed Combat | |  3.9
Spellcasting   | |  2.5
Transmutations | |  2.2

Action                   || total
-------------------------++-------
Melee: Unarmed           ||    50
       Kick              ||     5
       Tailslap          ||     2
       Headbutt          ||     1
       Punch             ||     1
Throw: Boomerang         ||    46
 Cast: Beastly Appendage ||    10
 Abil: Rolling Charge    ||     4
 Stab: Distracted        ||     1
Armor: Robe              ||    34
Dodge: Dodged            ||    45
